 Dungeon Crawl Stone Soup version 0.25-a0-634-gd1561dc703 (webtiles) character file.

Game seed: 3297766051601508212, levelgen mode: deterministic

47966 metalgraveraven the Blocker (level 14, -6/113 HPs)
             Began as a Gnoll Fighter on Mar 19, 2020.
             Was a High Priest of Okawaru.
             Collided with a rock wall (7 damage)
             ... caused by a deep elf mage
             ... on level 1 of the Elven Halls on Mar 20, 2020.
             The game lasted 02:35:49 (22274 turns).

metalgraveraven the Blocker (Gnoll Fighter)        Turns: 22274, Time: 02:36:10

Health: -6/113     AC: 29    Str: 23    XL:     14   Next: 44%
Magic:  27/27      EV: 13    Int: 19    God:    Okawaru [*****.]
Gold:   1949       SH:  7    Dex: 14    Spells: 28/31 levels left

rFire    + + .     SeeInvis .   y - +10 whip of Zin's Pride {venom, rElec rF+}
rCold    + + +     Gourm    .   E - +0 buckler {AC+3}
rNeg     . . .     Faith    .   z - +7 chain mail of Jiumnasm {rC+ Int+6 Dex-4 Stlth+}
rPois    +         Spirit   .   s - +2 helmet {Int+3}
rElec    +         Reflect  .   H - scarf {rC+ rF+}
rCorr    .         Harm     .   S - +0 pair of gloves of the Bells {rElec rC+}
MR       +....                  t - +1 pair of boots of Dishonesty {rPois}
Stlth    +++.......             X - amulet of the acrobat
HPRegen  0.28/turn              J - ring of the Present {rPois Str+2 Slay+3}
MPRegen  0.20/turn              w - ring of stealth

@: lethally poisoned (-6 -> -7), lightly drained
A: distributed training, fangs 2, agile 1, cold resistance 1, weak 1, strong
nose
a: Heroism, Finesse, Renounce Religion


You were on level 1 of the Elven Halls.
You worshipped Okawaru.
Okawaru was extremely pleased with you.
You were hungry.

You visited 5 branches of the dungeon, and saw 20 of its levels.

You collected 3445 gold pieces.
You spent 1496 gold pieces at shops.

Inventory:

Hand Weapons
 y - the +10 whip of Zin's Pride (weapon) {venom, rElec rF+}
   (You found it on level 4 of the Dungeon)

   It poisons the flesh of those it strikes.
   It protects you from fire.
   It insulates you from electricity.
 I - a +0 longbow
 O - a +0 arbalest of flaming
 V - a +2 dagger of flaming
 Y - a +2 battleaxe of holy wrath
Missiles
 l - 321 arrows
 p - 116 bolts
 u - 2 boomerangs (quivered)
 F - 16 atropa-tipped darts
 N - 8 curare-tipped darts
Armour
 s - a +2 helmet of intelligence (worn)
 t - the +1 pair of boots of Dishonesty (worn) {rPois}
   (Okawaru gifted it to you on level 3 of the Lair of Beasts)

   It protects you from poison.
 z - the +7 chain mail of Jiumnasm (worn) {rC+ Int+6 Dex-4 Stlth+}
   (You found it on level 1 of the Lair of Beasts)

   It affects your intelligence (+6).
   It affects your dexterity (-4).
   It protects you from cold.
   It makes you more stealthy.
 E - a +0 buckler of protection (worn)
 H - a scarf of resistance (worn)
 S - the +0 pair of gloves of the Bells (worn) {rElec rC+}
   (You bought it in a shop on level 2 of the Orcish Mines)

   It protects you from cold.
   It insulates you from electricity.
Jewellery
 b - an uncursed amulet of guardian spirit
 g - an uncursed ring of see invisible
 w - a ring of stealth (right hand)
 J - the ring of the Present (left hand) {rPois Str+2 Slay+3}
   (You bought it in a shop on level 2 of the Orcish Mines)

   [ring of poison resistance]

   It affects your strength (+2).
   It affects your accuracy and damage with ranged weapons and melee attacks
   (+3).
   It protects you from poison.
 K - an uncursed ring of flight
 L - an uncursed ring of resist corrosion
 X - an amulet of the acrobat (around neck)
Wands
 a - a wand of polymorph (27)
 D - a wand of acid (21)
 R - a wand of digging (2)
 T - a wand of paralysis (9)
 U - a wand of iceblast (12)
Scrolls
 e - 7 scrolls of identify
 h - 4 scrolls of amnesia
 m - 8 scrolls of teleportation
 n - 7 scrolls of remove curse
 r - 3 scrolls of enchant armour
 A - a scroll of magic mapping
 G - a scroll of brand weapon
 W - 2 scrolls of fear
 Z - a scroll of fog
Potions
 d - a potion of might
 i - a potion of berserk rage
 j - 2 potions of stabbing
 k - 3 potions of brilliance
 o - 2 potions of heal wounds
 q - 6 potions of flight
 x - 5 potions of lignification
 B - 6 potions of curing
 C - 3 potions of haste
 Q - 3 potions of cancellation
Miscellaneous
 c - a lamp of fire (inert)
 v - a lightning rod (4/4)
Comestibles
 f - 16 rations


   Skills:
 + Level 11.0(10.7) Fighting
 + Level 9.1(8.7) Short Blades
 + Level 10.1(9.8) Long Blades
 + Level 9.1(8.7) Axes
 + Level 9.1(8.7) Maces & Flails
 + Level 9.1(8.7) Polearms
 + Level 9.1(8.7) Staves
 + Level 9.1(8.7) Slings
 + Level 9.1(8.7) Bows
 + Level 9.1(8.7) Crossbows
 + Level 9.1(8.7) Throwing
 + Level 11.0(10.7) Armour
 + Level 9.1(8.7) Dodging
 + Level 9.1(8.7) Stealth
 + Level 11.0(10.7) Shields
 + Level 9.1(8.7) Unarmed Combat
 + Level 9.1(8.7) Spellcasting
 + Level 7.5(7.2) Conjurations
 + Level 7.5(7.2) Hexes
 + Level 7.5(7.2) Charms
 + Level 7.5(7.2) Summonings
 + Level 7.5(7.2) Necromancy
 + Level 7.5(7.2) Translocations
 + Level 7.5(7.2) Transmutations
 + Level 7.5(7.2) Fire Magic
 + Level 7.5(7.2) Ice Magic
 + Level 7.5(7.2) Air Magic
 + Level 7.5(7.2) Earth Magic
 + Level 7.5(7.2) Poison Magic
 + Level 9.9(9.5) Invocations
 + Level 9.1(8.7) Evocations


You had 28 spell levels left.
You knew the following spells:

 Your Spells              Type           Power        Failure   Level  Hunger
a - Beastly Appendage     Tmut           #####.       2%          1    None
b - Swiftness             Chrm/Air       #####...     3%          2    None

Your spell library contained the following spells:

 Spells                   Type           Power        Failure   Level  Hunger
 Shock                    Conj/Air       ####         2%          1    None
 Sticks to Snakes         Tmut           #####...     3%          2    None
 Confusing Touch          Hex            #####...     7%          3    None
 Gell's Gravitas          Tloc           #####.....   7%          3    None
 Spider Form              Tmut/Pois      #####.....   7%          3    None
 Static Discharge         Conj/Air       #####...     7%          3    None
 Airstrike                Air            #####.....   22%         4    ###....
 Ice Form                 Ice/Tmut       #####...     22%         4    ###....
 Petrify                  Tmut/Erth      #####...     22%         4    ###....
 Blade Hands              Tmut           #####.....   54%         5    #####..
 Lightning Bolt           Conj/Air       #####.....   54%         5    #####..
 Metabolic Englaciation   Hex/Ice        #####.....   54%         5    #####..
 Yara's Violent Unravell  Hex/Tmut       #####.....   54%         5    #####..


Dungeon Overview and Level Annotations

Branches:
Dungeon (12/15)            Temple (1/1) D:4            Lair (3/6) D:9
 Shoals (0/4) Lair:3          Orc (2/2) D:12            Elf (2/3) Orc:2
  Snake: Lair:2-4    Spider: Lair:2-4

Altars:
Ashenzari
Cheibriados
Dithmenos
Elyvilon
Fedhas
Gozag
Hepliaklqana
Kikubaaqudgha
Makhleb
Nemelex Xobeh
Okawaru
Qazlal
Ru
Sif Muna
Trog
Uskayaw
Vehumet
Wu Jian
Xom
Yredelemnul
Zin
The Shining One
Beogh

Shops:
D:8 (   D:12 [(   Orc:2 [!((*[=((


Innate Abilities, Weirdness & Mutations

Your experience applies equally to all skills.
You have extremely sharp teeth.
Your uncanny sense of smell can sniff out nearby items.
You are agile. (Dex +2)
Your flesh is cold resistant. (rC+)
You are weak. (Str -2)


Message History

There is an open door, spattered with blood here.
Things that are here:
a +0 rapier; an elf corpse You closely miss the deep elf mage.
You bite the deep elf mage.
The deep elf mage is lightly wounded.
The deep elf mage points at you and mumbles some strange words.
The magic dart hits you!
* * * LOW HITPOINT WARNING * * *
The battlesphere fires!
The barrage of energy hits you!
* * * LOW HITPOINT WARNING * * *
You miss the deep elf mage.
The deep elf mage is lightly wounded.
You barely miss the deep elf mage. Your bite misses the deep elf mage.
The deep elf mage is lightly wounded.
The deep elf mage points at you and mumbles some strange words.
The lance of force hits you!
* * * LOW HITPOINT WARNING * * *
You are knocked back by the lance of force.
You slam into the rock wall!
You die...

.(...# ## .(.(..# .## ...$.
..## ...## ยง..## #+ #..#
....# #+####.# #(##....###
)....'# #*)#)......
......##########(e#########
#..
.......+.....())@.).....'..
...
.......#########...(....#
#.# .......# #..(.....# #.#
.......# #.##...##+ #.#
....)(.## #.#'#### ##.#
....)<#'## #..## ###..#
.....###.## ##[## ##+.....
###### ##[#####..# #.......
##'#.#'#.#########.......


You could see a deep elf mage and a battlesphere.

Vanquished Creatures
  An orc warlord (Orc:2)
  A deep elf demonologist (Elf:1)
  4 hydras
  A dancing weapon (Elf:1)
  2 two-headed ogres
  The ghost of karf the Carver, a novice OpBe of Trog (D:9)
  Sonja (Orc:1)
  3 deep elf knights
  An orc high priest (Orc:2)
  3 skeletal warriors (D:11)
  4 deep elf archers (Elf:1)
  A swamp dragon (shapeshifter) (Orc:2)
  The ghost of Chromatus the Carver, a novice TeFi of Vehumet (D:6)
  An ugly thing (D:12)
  9 deep elf magi
  5 orc sorcerers
  3 cyclopes
  A black mamba (Lair:1)
  3 spiny frogs
  2 guardian serpents (D:10)
  A centaur skeleton (D:12)
  3 komodo dragons
  A tengu conjurer (D:10)
  5 trolls
  2 hornets
  2 polar bears
  A queen bee (D:9)
  14 blink frogs
  4 hippogriffs
  An air elemental (Orc:2)
  35 yaks
  A wraith (D:9)
  A wyvern (D:9)
  4 fire elementals (Elf:1)
  A basilisk (Lair:1)
  3 vampire mosquitoes (D:12)
  3 hungry ghosts
  An acid dragon (D:12)
  2 wargs (Orc:1)
  9 water moccasins
  2 porcupines
  5 sky beasts
  2 ice beasts
  20 orc warriors
  3 black bears
  2 necrophages (D:9)
  A phantom (D:11)
  7 ogres
  A swamp drake (D:9)
  An eye of draining (D:12)
  11 centaurs
  8 crocodiles
  2 big kobolds
  11 bullfrogs
  A gnoll sergeant (D:3)
  2 elf skeletons (D:9)
  A wyvern skeleton (D:9)
  A scorpion (D:6)
  10 killer bees
  2 wights (D:9)
  An electric eel (D:8)
  A howler monkey (D:7)
  2 bullfrog zombies
  5 crimson imps
  A quasit (D:9)
  A jelly (D:12)
  A bullfrog skeleton (D:12)
  A human zombie (D:9)
  19 orc priests
  4 hounds
  35 orc wizards
  3 iguanas
  9 worker ants
  A hound zombie (D:11)
  2 mummies (D:9)
  A worker ant zombie (D:10)
  8 adders
  8 gnolls
  5 shadow imps
  An adder zombie (D:5)
  2 worms
  4 dart slugs
  2 leopard geckos
  70 orcs
  6 bats
  8 giant cockroaches
  13 hobgoblins
  12 jackals
  5 quokkas
  3 ball pythons (D:1)
  3 frilled lizards
  11 goblins
  11 kobolds
  2 orc zombies (D:9)
  A quokka zombie (D:8)
  11 rats
508 creatures vanquished.

Vanquished Creatures (others)
  A water elemental (Elf:1)
  An orc wizard (Orc:1)
2 creatures vanquished.

Grand Total: 510 creatures vanquished

Notes
Turn   | Place    | Note
-------+----------+-------------------------------------------
     0 | D:1      | metalgraveraven the Gnoll Fighter began the quest for the
                  | Orb.
     0 | D:1      | Reached XP level 1. HP: 23/23 MP: 1/1
   226 | D:1      | Reached XP level 2. HP: 29/29 MP: 2/2
   798 | D:2      | Reached XP level 3. HP: 35/35 MP: 3/3
   831 | D:2      | Found a sparkling altar of Nemelex Xobeh.
   958 | D:2      | Reached skill level 1 in Invocations
  1038 | D:2      | Reached skill level 1 in Short Blades
  1038 | D:2      | Reached skill level 1 in Axes
  1038 | D:2      | Reached skill level 1 in Maces & Flails
  1038 | D:2      | Reached skill level 1 in Polearms
  1038 | D:2      | Reached skill level 1 in Staves
  1038 | D:2      | Reached skill level 1 in Slings
  1038 | D:2      | Reached skill level 1 in Bows
  1038 | D:2      | Reached skill level 1 in Crossbows
  1038 | D:2      | Reached skill level 1 in Throwing
  1038 | D:2      | Reached skill level 1 in Dodging
  1038 | D:2      | Reached skill level 1 in Stealth
  1038 | D:2      | Reached skill level 1 in Unarmed Combat
  1038 | D:2      | Reached skill level 1 in Spellcasting
  1038 | D:2      | Reached skill level 1 in Evocations
  1183 | D:2      | Reached XP level 4. HP: 41/41 MP: 5/5
  1456 | D:2      | Reached skill level 1 in Conjurations
  1456 | D:2      | Reached skill level 1 in Hexes
  1456 | D:2      | Reached skill level 1 in Charms
  1456 | D:2      | Reached skill level 1 in Summonings
  1456 | D:2      | Reached skill level 1 in Necromancy
  1456 | D:2      | Reached skill level 1 in Translocations
  1456 | D:2      | Reached skill level 1 in Transmutations
  1456 | D:2      | Reached skill level 1 in Fire Magic
  1456 | D:2      | Reached skill level 1 in Ice Magic
  1456 | D:2      | Reached skill level 1 in Air Magic
  1456 | D:2      | Reached skill level 1 in Earth Magic
  1456 | D:2      | Reached skill level 1 in Poison Magic
  1820 | D:3      | Reached XP level 5. HP: 26/47 MP: 5/7
  2024 | D:3      | Found a shadowy altar of Dithmenos.
  2117 | D:3      | Reached XP level 6. HP: 23/53 MP: 8/8
  2886 | D:3      | Reached skill level 5 in Long Blades
  3234 | D:4      | Found a staircase to the Ecumenical Temple.
  3250 | Temple   | Entered the Ecumenical Temple
  3311 | Temple   | Became a worshipper of Warmaster Okawaru
  3385 | D:4      | Got a brightly glowing whip
  3386 | D:4      | Identified the +10 whip of Zin's Pride {venom, rElec rF+}
                  | (You found it on level 4 of the Dungeon)
  3535 | D:4      | Reached XP level 7. HP: 59/59 MP: 10/10
  3599 | D:4      | Found a sacrificial altar of Ru.
  3875 | D:4      | Found a snail-covered altar of Cheibriados.
  4236 | D:5      | Entered Level 5 of the Dungeon
  4693 | D:5      | Reached * piety under Okawaru
  5008 | D:6      | Noticed Chromatus's ghost (novice TeFi)
  5009 | D:6      | Found a runed translucent door.
  5043 | D:6      | Killed Chromatus's ghost
  5043 | D:6      | Reached ** piety under Okawaru
  5043 | D:6      | Reached XP level 8. HP: 61/67 MP: 10/12
  5355 | D:6      | Reached XP level 9. HP: 48/72 MP: 14/14
  5985 | D:6      | Gained mutation: You are weak. (Str -2) [potion of
                  | mutation]
  5985 | D:6      | Gained mutation: You are agile. (Dex +2) [potion of
                  | mutation]
  5985 | D:6      | Gained mutation: Your flesh is cold resistant. (rC+)
                  | [potion of mutation]
  5985 | D:6      | Gained mutation: You have extremely sharp teeth. [potion of
                  | mutation]
  6111 | D:6      | Reached *** piety under Okawaru
  6387 | D:7      | Found a stormy altar of Qazlal.
  6588 | D:8      | Found an opulent altar of Gozag.
  6692 | D:8      | Noticed a two-headed ogre
  6699 | D:8      | Killed a two-headed ogre
  6699 | D:8      | Reached skill level 5 in Invocations
  6732 | D:8      | Reached XP level 10. HP: 60/80 MP: 17/17
  6845 | D:8      | Reached **** piety under Okawaru
  6923 | D:8      | Found a blossoming altar of Fedhas.
  7328 | D:8      | Found Hugye's Antique Weapon Shop.
  7339 | D:8      | Bought an arbalest for 90 gold pieces
  7608 | D:8      | Reached skill level 5 in Short Blades
  7608 | D:8      | Reached skill level 5 in Axes
  7608 | D:8      | Reached skill level 5 in Maces & Flails
  7608 | D:8      | Reached skill level 5 in Polearms
  7608 | D:8      | Reached skill level 5 in Staves
  7608 | D:8      | Reached skill level 5 in Slings
  7608 | D:8      | Reached skill level 5 in Bows
  7608 | D:8      | Reached skill level 5 in Crossbows
  7608 | D:8      | Reached skill level 5 in Throwing
  7608 | D:8      | Reached skill level 5 in Dodging
  7608 | D:8      | Reached skill level 5 in Stealth
  7608 | D:8      | Reached skill level 5 in Unarmed Combat
  7608 | D:8      | Reached skill level 5 in Spellcasting
  7608 | D:8      | Reached skill level 5 in Evocations
  7963 | D:9      | Found a basalt altar of Yredelemnul.
  8084 | D:9      | Reached ***** piety under Okawaru
  8113 | D:9      | Found a bloodstained altar of Trog.
  8174 | D:9      | Found a glowing golden altar of the Shining One.
  8283 | D:9      | Noticed a two-headed ogre
  8293 | D:9      | Killed a two-headed ogre
  8634 | D:9      | Noticed karf's ghost (novice OpBe)
  8639 | D:9      | Found a transporter.
  8644 | D:9      | Found a transporter.
  8830 | D:9      | Found a staircase to the Lair.
  9087 | D:9      | Reached XP level 11. HP: 87/87 MP: 19/19
  9238 | D:10     | Entered Level 10 of the Dungeon
  9834 | D:10     | Got a pair of ancient boots
  9845 | D:10     | Identified the +1 pair of boots of the Fife {*Drain rElec
                  | rN+++ Int-2} (You found it on level 10 of the Dungeon)
 10678 | D:11     | Noticed a skeletal warrior
 10698 | D:11     | Killed a skeletal warrior
 10698 | D:11     | Received a gift from Okawaru
 10698 | D:11     | Reached skill level 5 in Conjurations
 10698 | D:11     | Reached skill level 5 in Hexes
 10698 | D:11     | Reached skill level 5 in Charms
 10698 | D:11     | Reached skill level 5 in Summonings
 10698 | D:11     | Reached skill level 5 in Necromancy
 10698 | D:11     | Reached skill level 5 in Translocations
 10698 | D:11     | Reached skill level 5 in Transmutations
 10698 | D:11     | Reached skill level 5 in Fire Magic
 10698 | D:11     | Reached skill level 5 in Ice Magic
 10698 | D:11     | Reached skill level 5 in Air Magic
 10698 | D:11     | Reached skill level 5 in Earth Magic
 10698 | D:11     | Reached skill level 5 in Poison Magic
 10885 | D:11     | Noticed a skeletal warrior
 10886 | D:11     | Noticed a skeletal warrior
 10914 | D:11     | Killed a skeletal warrior
 10927 | D:11     | Killed a skeletal warrior
 11519 | D:11     | Identified a scroll of acquirement
 11519 | D:11     | Identified the +6 chain mail "Senlia" {*Corrode rElec Str+2
                  | Dex+2} (You acquired it on level 11 of the Dungeon)
 11628 | D:11     | Found a stormy altar of Qazlal.
 11847 | D:12     | Noticed a red ugly thing
 11871 | D:12     | Killed a red ugly thing
 11925 | D:12     | Received a gift from Okawaru
 12212 | D:12     | Noticed a cyclops
 12240 | D:12     | Killed a cyclops
 12240 | D:12     | Reached XP level 12. HP: 53/96 MP: 16/22
 12568 | D:12     | Found a staircase to the Orcish Mines.
 12568 | D:12     | Found Kilaennenka's Weapon Boutique.
 12568 | D:12     | Found Beblep's Armour Boutique.
 12686 | D:12     | Received a gift from Okawaru
 13473 | Orc:1    | Entered Level 1 of the Orcish Mines
 13521 | Orc:1    | Noticed an orc warlord
 13530 | Orc:2    | Entered Level 2 of the Orcish Mines
 13541 | Orc:2    | Found Atsiluw's Jewellery Boutique.
 13575 | Orc:2    | Killed an orc warlord
 14517 | Orc:1    | Noticed Sonja
 14536 | Orc:1    | Killed Sonja
 14667 | Orc:1    | Received a gift from Okawaru
 14674 | Orc:1    | Reached skill level 10 in Fighting
 14674 | Orc:1    | Reached skill level 10 in Armour
 14674 | Orc:1    | Reached skill level 10 in Shields
 14961 | Orc:2    | Bought the ring of the Present {rPois Str+2 Slay+3} for 481
                  | gold pieces
 14969 | Orc:2    | Found Nelaf's Weapon Shop.
 14991 | Orc:2    | Found Ufimnen's Weapon Shoppe.
 14995 | Orc:2    | Found a roughly hewn altar of Beogh.
 15003 | Orc:2    | Found Xeisk's Armour Shoppe.
 15017 | Orc:2    | Bought the +0 pair of gloves of the Bells {rElec rC+} for
                  | 459 gold pieces
 15044 | Orc:2    | Found Evudgheq's General Store.
 15088 | Orc:2    | Found a staircase to the Elven Halls.
 15123 | Orc:2    | Found a roughly hewn altar of Beogh.
 15191 | Elf:1    | Entered Level 1 of the Elven Halls
 15221 | Elf:1    | Received a gift from Okawaru
 15433 | Orc:2    | Received a gift from Okawaru
 15509 | Orc:2    | Reached XP level 13. HP: 103/103 MP: 24/24
 15606 | Orc:2    | Paralysed by an orc sorcerer for 6 turns
 15889 | Orc:2    | Found Mun Mua's Distillery.
 15889 | Orc:2    | Found Qyjyw's Weapon Boutique.
 15898 | Orc:2    | Found Akapel's Antique Weapon Boutique.
 15910 | Orc:2    | Found Fepos's Armour Shop.
 15926 | Orc:2    | Bought 22 bolts for 79 gold pieces
 16354 | Orc:2    | Learned a level 1 spell: Beastly Appendage
 16357 | Orc:2    | Learned a level 2 spell: Swiftness
 16410 | Orc:2    | Upgraded the game from 0.25-a0-632-g7713895373 to
                  | 0.25-a0-634-gd1561dc703
 16659 | Lair:1   | Entered Level 1 of the Lair of Beasts
 16689 | Lair:1   | Got a jewelled chain mail
 16700 | Lair:1   | Identified the +7 chain mail of Jiumnasm {rC+ Int+6 Dex-4
                  | Stlth+} (You found it on level 1 of the Lair of Beasts)
 18832 | Lair:3   | Found a staircase to the Shoals.
 18872 | Lair:3   | Received a gift from Okawaru
 18883 | Lair:3   | Got a pair of smoking boots {god gift}
 18888 | Lair:3   | Identified the +1 pair of boots of Dishonesty {rPois}
                  | (Okawaru gifted it to you on level 3 of the Lair of Beasts)
 20336 | D:9      | Killed karf's ghost
 20336 | D:9      | Reached XP level 14. HP: 63/111 MP: 21/26
 20608 | Elf:1    | Noticed a deep elf demonologist
 20611 | Elf:1    | Killed a deep elf demonologist
 21139 | Orc:2    | Bought a +2 helmet of intelligence for 387 gold pieces
 22085 | Elf:1    | Reached skill level 10 in Long Blades
 22252 | Elf:1    | Received a gift from Okawaru
 22274 | Elf:1    | HP: 1/113 [deep elf mage/lance of force (16)]
 22274 | Elf:1    | Collided with a rock wall

Levels and vault maps discovered:
D:1:      lightli_arrival_noodles, layout_basic
D:2:      minmay_general_purpose_star, layout_loops_ring,
          nemelex_xobeh_ov_fountains_minmay
D:3:      layout_basic, grunt_dithmenos_smoke_and_mirrors, first_ration,
          minmay_box_of_dots
D:4:      layout_gridville, kennysheep_mini, minmay_temple_entry_mist,
          serial_rivers, chequers_serial_rivers_small_a,
          chequers_serial_rivers_room_a, chequers_serial_rivers_large_a,
          chequers_serial_rivers_marsh, chequers_serial_rivers_room_a,
          minivault_5, nicolae_ru_awakened_eye
D:5:      layout_basic
D:6:      minmay_chambers_of_fours, layout_cave_pods,
          hellmonk_ghost_happy_afterlife, serial_bayou_pond_e, abandoned_shop
D:7:      layout_rooms, marbit_many_paths
D:8:      layout_basic, fedhas_altar_4, old_standard_altar, serial_shops,
          nicolae_shop_stone, st_stairs_13
D:9:      layout_basic, tso_metal_star, lemuel_round_altar,
          lemuel_mausoleum_altar_yredelemnul, erik_lair_dragon,
          gammafunk_ghost_hive
D:10:     nrook_guardian_serpent_snake_passage, layout_basic, grunt_tengu_nest,
          kennysheep_generic_room_10
D:11:     layout_small_grid, nicolae_qazlal_style_of_elements
D:12:     layout_loops_ring, orc_david_3, minmay_variable_closet,
          minmay_starry_boxes
Temple:   cyrus_circular_temple
Lair:1:   layout_regular_city, bh_autumn_forest_stairs, grunt_megastairs_4
Lair:2:   layout_long_grid, infiniplex_staircase_pool_2, grunt_megastairs_5
Lair:3:   layout_hall_layers, elwin_shoals_entry_rocks
Orc:1:    layout_caves, enter_bailey_3, uniq_sonja
Orc:2:    st_orc_mages, layout_diamond_mine, serial_shops, shop,
          nicolae_shop_trees, shop, nicolae_shop_temple_entry_statues_fountains,
          shop, basic_altar, mines1_david
Elf:1:    gammafunk_sealed_arena, layout_geoelf_diagonals,
          minmay_elf_crystal_hexagon, corexii_leaking_fountain, drop_trap
Elf:2:    layout_onion_city, serial_shops, nicolae_shop_crystal, st_stairs_14

Skill      XL: |  1  2  3  4  5  6  7  8  9 10 11 12 13 14 |
---------------+-------------------------------------------+-----
Invocations    | 1 2 3 4 5 6 7 8 9 |  9.9
Short Blades   | 1 2 3 4 5 6 7 8 9 |  9.1
Axes           | 1 2 3 4 5 6 7 8 9 |  9.1
Maces & Flails | 1 2 3 4 5 6 7 8 9 |  9.1
Polearms       | 1 2 3 4 5 6 7 8 9 |  9.1
Staves         | 1 2 3 4 5 6 7 8 9 |  9.1
Slings         | 1 2 3 4 5 6 7 8 9 |  9.1
Bows           | 1 2 3 4 5 6 7 8 9 |  9.1
Crossbows      | 1 2 3 4 5 6 7 8 9 |  9.1
Throwing       | 1 2 3 4 5 6 7 8 9 |  9.1
Dodging        | 1 2 3 4 5 6 7 8 9 |  9.1
Stealth        | 1 2 3 4 5 6 7 8 9 |  9.1
Unarmed Combat | 1 2 3 4 5 6 7 8 9 |  9.1
Spellcasting   | 1 2 3 4 5 6 7 8 9 |  9.1
Evocations     | 1 2 3 4 5 6 7 8 9 |  9.1
Conjurations   | 1 2 3 4 5 6 7 |  7.5
Hexes          | 1 2 3 4 5 6 7 |  7.5
Charms         | 1 2 3 4 5 6 7 |  7.5
Summonings     | 1 2 3 4 5 6 7 |  7.5
Necromancy     | 1 2 3 4 5 6 7 |  7.5
Translocations | 1 2 3 4 5 6 7 |  7.5
Transmutations | 1 2 3 4 5 6 7 |  7.5
Fire Magic     | 1 2 3 4 5 6 7 |  7.5
Ice Magic      | 1 2 3 4 5 6 7 |  7.5
Air Magic      | 1 2 3 4 5 6 7 |  7.5
Earth Magic    | 1 2 3 4 5 6 7 |  7.5
Poison Magic   | 1 2 3 4 5 6 7 |  7.5
Long Blades    | 5 6 7 8 9 10 | 10.1
Fighting       | 7 8 9 10 11 | 11.0
Armour         | 7 8 9 10 11 | 11.0
Shields        | 7 8 9 10 11 | 11.0

Action                   |  1- 3 |  4- 6 |  7- 9 | 10-12 | 13-15 || total
-------------------------+-------+-------+-------+-------+-------++-------
Melee: Long sword        |    84 |   119 |       |       |       ||   203
       Bite              |     4 |    25 |    28 |   115 |    53 ||   225
       Morningstar       |       |    51 |       |       |       ||    51
       Whip              |       |    13 |   208 |   705 |   287 ||  1213
       Punch             |       |       |       |    23 |    11 ||    34
       Flail             |       |       |       |    16 |       ||    16
       Battleaxe         |       |       |       |       |    58 ||    58
       Headbutt          |       |       |       |       |    18 ||    18
       Dagger            |       |       |       |       |    12 ||    12
 Fire: Arbalest          |       |       |       |   156 |   153 ||   309
       Shortbow          |       |       |       |    10 |       ||    10
Throw: Javelin           |     1 |     5 |       |     8 |       ||    14
       Dart              |       |       |     1 |     3 |     2 ||     6
       Boomerang         |       |       |       |    42 |    21 ||    63
 Cast: Beastly Appendage |       |       |       |       |     6 ||     6
       Swiftness         |       |       |       |       |     1 ||     1
Invok: Heroism           |       |       |     2 |    12 |    10 ||    24
       Finesse           |       |       |       |     5 |     5 ||    10
Evoke: Wand              |       |       |       |     1 |     1 ||     2
       Lamp of fire      |       |       |       |       |     1 ||     1
  Use: Scroll            |       |    11 |     5 |    11 |     7 ||    34
       Potion            |       |     1 |     3 |     6 |     3 ||    13
  Eat: Chunk             |     1 |     4 |     4 |     3 |     2 ||    14
       Ration            |       |     1 |     2 |    10 |     5 ||    18
Armor: Scale mail        |    27 |    34 |       |       |       ||    61
       Plate armour      |       |    30 |    99 |   314 |    25 ||   468
       Chain mail        |       |       |       |       |   214 ||   214
Dodge: Dodged            |    19 |    50 |    56 |   325 |   288 ||   738
Block: Kite shield       |    46 |   120 |    10 |       |       ||   176
       Buckler           |       |       |    55 |    12 |     7 ||    74
       Rpst.: Long sword |     4 |    11 |       |       |       ||    15

Table legend:
 A = Non-vault XP
 B = Vault XP
 C = Vault XP percentage of total XP
 D = Non-vault monster count
 E = Vault monster count
 F = Vault count percentage of total count
                 A         B        C        D         E       F
            +---------+---------+-------+---------+---------+-------
      Total |   53179 |   15345 |  22.4 |     401 |     108 |  21.2
            +---------+---------+-------+---------+---------+-------
        D:1 |      32 |       0 |   0.0 |      21 |       0 |   0.0
        D:2 |     107 |      17 |  13.7 |      30 |       4 |  11.8
        D:3 |     307 |       3 |   1.0 |      30 |       2 |   6.2
        D:4 |     382 |       0 |   0.0 |      21 |       0 |   0.0
        D:5 |     236 |       0 |   0.0 |       6 |       0 |   0.0
        D:6 |    1041 |     625 |  37.5 |      24 |       1 |   4.0
        D:7 |     728 |       3 |   0.4 |      14 |       1 |   6.7
        D:8 |    1252 |     877 |  41.2 |      18 |       1 |   5.3
        D:9 |    2305 |    3179 |  58.0 |      23 |      25 |  52.1
       D:10 |     643 |    1398 |  68.5 |      11 |       5 |  31.2
       D:11 |    3305 |       0 |   0.0 |      19 |       0 |   0.0
       D:12 |    6654 |    1628 |  19.7 |      45 |      12 |  21.1
     Lair:1 |    4516 |    1352 |  23.0 |      14 |       5 |  26.3
     Lair:2 |    5668 |       0 |   0.0 |      23 |       0 |   0.0
     Lair:3 |    7089 |       0 |   0.0 |      29 |       0 |   0.0
      Orc:1 |    2835 |     814 |  22.3 |      35 |       5 |  12.5
      Orc:2 |    4212 |    4831 |  53.4 |      18 |      40 |  69.0
      Elf:1 |   11867 |     618 |   4.9 |      20 |       7 |  25.9
            +---------+---------+-------+---------+---------+-------
